 Dungeon Crawl Stone Soup version 0.31-b1-12-gca42e3d1b8 (webtiles) character file.

Game seed: 5878586346922670747

420 bnorton916 the Conjurer (level 6, -1/32 HPs)
             Began as a Deep Elf Conjurer on Jan 14, 2024.
             Incinerated by a bombardier beetle (4 damage)
             ... with a burning spray
             ... on level 4 of the Dungeon.
             The game lasted 00:06:26 (4347 turns).

bnorton916 the Conjurer (Deep Elf Conjurer)         Turns: 4347, Time: 00:06:26

Health: -1/32      AC:  4    Str:  7    XL:     6   Next: 62%
Magic:  8/16       EV: 12    Int: 25    God:
Gold:   162        SH:  0    Dex: 13    Spells: 4/15 levels left

rFire   . . .        w - +11 short sword "Pawi" {holy, Str+3}
rCold   . . .        (no shield)
rNeg    . . .        a - +0 robe
rPois   .            (no helmet)
rElec   .            (no cloak)
rCorr   .            t - +0 pair of gloves
SInv    .            d - +0 pair of boots
Will    .....        (no amulet)
Stlth   +            (no ring)
HPRegen 0.25/turn    (no ring)
MPRegen 0.15/turn

%: no passive effects
@: on fire, glowing
A: no striking features
a: no special abilities


You were on level 4 of the Dungeon.
You visited 1 branch of the dungeon, and saw 4 of its levels.

You collected 162 gold pieces.

Inventory:

Hand Weapons
 w - the +11 short sword "Pawi" (weapon) {holy, Str+3}
   (You found it on level 4 of the Dungeon)

   Str+3:     It affects your strength (+3).
Missiles
 f - 8 poisoned darts
 n - 2 silver javelins
 v - 6 datura-tipped darts
Armour
 a - a +0 robe (worn)
 d - a +0 pair of boots (worn)
 t - a +0 pair of gloves (worn)
Jewellery
 g - a ring of see invisible
 u - an amulet of the acrobat
Talismans
 q - a flux talisman
 s - a maw talisman
Wands
 y - a wand of charming (4)
Scrolls
 c - 2 scrolls of fear {unknown}
 e - 4 scrolls of blinking {unknown}
 k - a scroll of revelation {unknown}
 o - 3 scrolls of noise {unknown}
 p - a scroll of vulnerability {unknown}
 x - a scroll of teleportation {unknown}
Potions
 b - 3 potions of magic
 h - a potion of heal wounds {unknown}
 i - 2 potions of curing {unknown}
 j - 5 potions of enlightenment {unknown}
 l - a potion of mutation {unknown}
 m - a potion of degeneration {unknown}
 r - a potion of haste {unknown}


   Skills:
 - Level 2.4 Dodging
 - Level 2.4 Stealth
 + Level 5.3 Spellcasting
 + Level 7.2 Conjurations
 * Level 2.2 Translocations
 * Level 1.7 Alchemy


You had 4 spell levels left.
You knew the following spells:

 Your Spells              Type           Power      Damage    Failure   Level
a - Magic Dart            Conj           100%       1d8       1%          1
b - Searing Ray           Conj           84%        2d7       1%          2
c - Iskenderun's Mystic   Conj/Tloc      30%        2d8       12%         4
d - Fulminant Prism       Conj/Alch      14%        3d8       13%         4

Your spell library contained the following spells:

 Spells                   Type           Power      Damage    Failure   Level
 Shock                    Conj/Air       96%        1d9       1%          1
 Slow                     Hex            24%        N/A       8%          1
 Ensorcelled Hibernation  Hex/Ice        12%        N/A       12%         2
 Confusing Touch          Hex            6%         N/A       24%         3
 Passwall                 Erth           6%         N/A       24%         3
 Sigil of Binding         Hex            6%         N/A       24%         3
 Swiftness                Air            6%         N/A       24%         3
 Vampiric Draining        Necr           6%         2d6       24%         3
 Airstrike                Air            3%         2d(1-17)  61%         4


Dungeon Overview and Level Annotations

Branches:
Dungeon (4/15)
 Temple: D:4-7

Altars:
Fedhas
Xom
Yredelemnul
The Shining One


Message History

The bombardier beetle is moderately wounded.
Casting: Magic Dart (safe; 1% risk of failure)
Confirm with . or Enter, or press ? or * to list all spells.
Aiming: Searing Ray (safe; 1% risk of failure)
Press: ? - help, Shift-Dir - straight line, f/p - bombardier beetle
Aim: a bombardier beetle (moderately wounded, 89% to hit)
The searing ray hits the bombardier beetle.
The bombardier beetle is heavily wounded. (Press . to maintain the ray.) Unknown command.
The searing ray hits the bombardier beetle.
The bombardier beetle is severely wounded.
The bombardier beetle sprays incendiary fluid at you.
The burning spray hits you.
You are covered in liquid fire!
The searing ray hits the bombardier beetle!
You kill the bombardier beetle!
The liquid fire burns you!
You finish channelling your searing ray.
The liquid fire burns you!
Unknown command.
You are on fire!
Unknown command.
You are on fire!
You are covered in liquid fire.
You are glowing.
Your movement speed is average.
Your attack delay is about 1.0.
Your damage rating with the +11 short sword "Pawi" {holy, Str+3} is about 16 (Base 5 x 107% (Dex) x 100% (Skill) + 11 (Ench)).
Your base attributes are Str 4, Int 25, Dex 13.
Unknown command.
Unknown command.
You are on fire!
The liquid fire burns you! The liquid fire burns you!
The liquid fire burns you! The liquid fire burns you!
* * * LOW HITPOINT WARNING * * *
The liquid fire burns you!
* * * LOW HITPOINT WARNING * * *
The liquid fire burns you!
You die...

#.# ##.#. #.# ### #.#
#.. #.# #.# ##.# #.#
#####..## #.# #
#.......# #.# .##
#.##....########.#...###
'......<..>.....@..$....
#.##....########.#...###
#.###...# #........ #.#
###.# #..#####. #.# #.#
#..# #.#####.# #..#
#.......# #... #######.#
##.. #.#


There were no monsters in sight!

Vanquished Creatures
  A black bear (D:4)
  2 lemures (D:4)
  A scorpion (D:4)
  2 bombardier beetles (D:4)
  Jessica (D:2)
  Natasha (D:2)
  9 adders
  2 ribbon worms (D:2)
  3 dart slugs
  3 endoplasms
  3 giant cockroaches
  9 goblins
  6 hobgoblins
  6 jackals
  5 kobolds
  8 ball pythons
  7 bats
  2 frilled lizards (D:3)
  5 rats
76 creatures vanquished.

Notes
Turn   | Place    | Note
-------+----------+-------------------------------------------
     0 | D:1      | bnorton916 the Deep Elf Conjurer began the quest for the
                  | Orb.
     0 | D:1      | Reached XP level 1. HP: 10/10 MP: 6/6
   187 | D:1      | Reached XP level 2. HP: 15/15 MP: 4/8
   387 | D:1      | Reached skill level 5 in Conjurations
  1241 | D:2      | Reached XP level 3. HP: 19/19 MP: 4/9
  1355 | D:2      | Learned a level 2 spell: Searing Ray
  1553 | D:2      | Noticed Jessica
  1555 | D:2      | Killed Jessica
  1556 | D:2      | Reached XP level 4. HP: 24/24 MP: 7/11
  1561 | D:2      | Learned a level 4 spell: Iskenderun's Mystic Blast
  1705 | D:2      | Reached skill level 6 in Conjurations
  2108 | D:2      | Found a faded altar of an unknown god.
  2206 | D:2      | Noticed Natasha
  2214 | D:2      | Killed Natasha
  2415 | D:3      | Found a blossoming altar of Fedhas.
  2416 | D:3      | Found a shimmering altar of Xom.
  2416 | D:3      | Found a basalt altar of Yredelemnul.
  2417 | D:3      | Found a glowing golden altar of the Shining One.
  2420 | D:3      | Reached skill level 1 in Translocations
  2472 | D:3      | Reached XP level 5. HP: 28/28 MP: 8/13
  2823 | D:3      | Learned a level 4 spell: Fulminant Prism
  3667 | D:4      | Noticed a black bear
  3674 | D:4      | Killed a black bear
  3675 | D:4      | Reached skill level 7 in Conjurations
  3675 | D:4      | Reached skill level 1 in Alchemy
  3675 | D:4      | Reached XP level 6. HP: 32/32 MP: 5/15
  3968 | D:4      | Identified the +11 short sword "Pawi" {holy, Str+3}
  4164 | D:4      | Reached skill level 5 in Spellcasting
  4347 | D:4      | Incinerated by a bombardier beetle

Illustrated notes

Levels and vault maps discovered:
D:1:      dpeg_arrival_round_c, layout_loops_ring
D:2:      layout_loops_ring, shapermc_ecumenical_altar_mp_highgroup,
          uniq_jessica, uniq_natasha
D:3:      layout_basic, chequers_temple_overflow_statue_of_worship
D:4:      layout_loops_corners, uniq_pikel

Skill      XL: |  1  2  3  4  5  6 |
---------------+-------------------+-----
Conjurations   | 5 6 7 |  7.2
Spellcasting   | 4 5 |  5.3
Translocations | 1 2 |  2.2
Alchemy        | 1 |  1.7
Dodging        | |  2.4
Stealth        | |  2.4

Action                     |  1- 3 |  4- 6 || total
---------------------------+-------+-------++-------
   Cast: Magic Dart        |    54 |   103 ||   157
         Searing Ray       |       |    11 ||    11
 Armour: Robe              |     2 |     1 ||     3
  Dodge: Dodged            |     8 |    12 ||    20
